 Dungeon Crawl Stone Soup version 0.27-a0-412-g8dd771eca2 (webtiles) character file.

Game seed: 13798051733319407234

96 siradein the Caller (level 4, -1/30 HPs)
             Began as a Vampire Summoner on Feb 24, 2021.
             Killed by nerve-wracking pain
             ... invoked by Grinder
              (8 damage)
             ... on level 3 of the Dungeon.
             The game lasted 00:10:26 (2033 turns).

siradein the Caller (Vampire Summoner)              Turns: 2033, Time: 00:10:27

Health: -1/30      AC:  4    Str:  7    XL:     4   Next: 41%
Magic:  6/7        EV: 12    Int: 18    God:
Gold:   73         SH:  0    Dex: 14    Spells: 4/7 levels left

rFire    . . .     SeeInvis +   j - +0 dagger (venom)
rCold    . . .     Faith    .   (no shield)
rNeg     . . .     Spirit   .   a - +0 robe
rPois    .         Reflect  .   (no helmet)
rElec    .         Harm     .   f - +0 cloak
rCorr    .         Rampage  .   k - +0 pair of gloves
Will     .....                  (no boots)
Stlth    ++........             (no amulet)
HPRegen  0.30/turn              (no ring)
MPRegen  0.10/turn              (no ring)

@: regenerating quickly
A: fangs 3, see invisible, unbreathing
a: Exsanguinate


You were on level 3 of the Dungeon.
You visited 1 branch of the dungeon, and saw 3 of its levels.

You collected 73 gold pieces.

Inventory:

Hand Weapons
 h - a +0 spear
 j - a +0 dagger of venom (weapon)
Armour
 a - a +0 robe (worn)
 f - a +0 cloak (worn)
 k - a +0 pair of gloves (worn)
Scrolls
 b - 4 scrolls of identify {unknown}
 c - 2 scrolls of amnesia {unknown}
 e - 2 scrolls of magic mapping {unknown}
 i - a scroll of noise {unknown}
 l - a scroll of enchant armour {unknown}
 o - a scroll of teleportation {unknown}
Potions
 d - 3 potions of degeneration {unknown}
 g - a potion of mutation {unknown}
 m - a potion of lignification {unknown}
 n - a potion of cancellation {unknown}


   Skills:
 - Level 2.1 Dodging
 - Level 3.0 Stealth
 - Level 2.0 Spellcasting
 + Level 5.9 Summonings


You had 4 spell levels left.
You knew the following spells:

 Your Spells              Type           Power        Failure   Level
a - Summon Small Mammal   Summ           92%          1%          1
b - Call Imp              Summ           23%          2%          2

Your spell library contained the following spells:

 Spells                   Type           Power        Failure   Level
 Call Canine Familiar     Summ           23%          4%          3
 Summon Guardian Golem    Hex/Summ       12%          16%         3
 Summon Ice Beast         Ice/Summ       12%          47%         4
 Summon Lightning Spire   Summ/Air       12%          47%         4


Dungeon Overview and Level Annotations

Branches:
Dungeon (3/15)

Altars:

Annotations:
D:3 Grinder


Innate Abilities, Weirdness & Mutations

Your natural rate of healing is unusually fast.
You have razor-sharp teeth.
You have supernaturally acute eyesight. (SInv)
You can survive without breathing.


Message History

Orders for allies: a - Attack new target. r - Retreat! s - Stop attacking. g - Guard the area. f - Follow me.
Anything else - Cancel.
Gang up on whom?
Press: ? - help, Dir - move target, f - Grinder
Aim: Grinder (lightly wounded, ally target) Attack!
Grinder says, "Mostly I couldn't keep them alive."
Grinder blinks!
You swap places.
Found an escape hatch in the ceiling.
You swap places.
Grinder is nearby!
Grinder misses your crimson imp.
Your crimson imp hits Grinder.
Grinder hits your crimson imp.
Your crimson imp blinks!
You start resting.
Something hits your white imp but does no damage.
You swap places.
Your crimson imp blinks!
Your white imp gestures at Grinder.
The puff of frost hits Grinder.
Grinder completely resists.
You hit Grinder but do no damage. You bite Grinder, but do no damage.
Grinder is lightly wounded.
Grinder hits you.
You writhe in agony.
Your white imp gestures at Grinder.
The puff of frost hits Grinder.
Grinder resists.
You hit Grinder but do no damage.
Grinder is lightly wounded.
Grinder hits you.
You writhe in agony.
Your white imp barely misses Grinder.
You hit Grinder but do no damage. You bite Grinder, but do no damage.
Grinder is lightly wounded.
Grinder hits you.
* * * LOW HITPOINT WARNING * * *
You writhe in agony.
* * * LOW HITPOINT WARNING * * *
Grinder gestures at you. Pain shoots through your body!
You die...

#.
#####.###############
#.<.....†......#....#
#.####.))#####.#.##.#.#
####..†#####.#....#.#
#.....)...........#.#
#.#.##...#####.#.#..#.#
.........#...#.#....#.#
...#####@5..#
#.###..#.##
#....5..5#.#
#.#...##.#.
#.######5#.#
#.#....#.#. #.# #
#.#.#.#.... #.#
#.###.##### #.#
#......). #.# #.#......
.# #.#...... <.
#...#####


You could see Grinder (ally target), 2 friendly crimson imps and a friendly
white imp (summoned).

Vanquished Creatures
  2 gnolls (D:3)
  An ooze (D:1)
  A worm (D:3)
  A dart slug (D:3)
  A goblin (D:2)
  2 hobgoblins
  A jackal (D:2)
  2 ball pythons
  2 bats (D:2)
  4 rats
17 creatures vanquished.

Vanquished Creatures (collateral kills)
  5 gnolls
  An adder (D:2)
  A worm (D:2)
  3 orcs
  A goblin (D:1)
  3 hobgoblins
  6 jackals
  A quokka (D:2)
  2 frilled lizards
  4 kobolds
27 creatures vanquished.

Grand Total: 44 creatures vanquished

Notes
Turn   | Place    | Note
-------+----------+-------------------------------------------
     0 | D:1      | siradein the Vampire Summoner began the quest for the Orb.
     0 | D:1      | Reached XP level 1. HP: 13/13 MP: 3/3
   227 | D:1      | Reached XP level 2. HP: 3/19 MP: 0/5
  1416 | D:2      | Reached skill level 5 in Summonings
  1416 | D:2      | Reached XP level 3. HP: 12/24 MP: 2/6
  1471 | D:2      | Learned a level 2 spell: Call Imp
  1982 | D:3      | Reached XP level 4. HP: 27/30 MP: 3/7
  1998 | D:3      | Noticed Grinder
  2010 | D:3      | Paralysed by Grinder for 6 turns
  2033 | D:3      | Killed from afar by Grinder

Illustrated notes

Levels and vault maps discovered:
D:1:      dpeg_arrival_pits, layout_rooms
D:2:      layout_basic
D:3:      layout_basic, nicolae_dithmenos_shadow_blocks,
          chequers_ecumenical_altar_simple_redux,
          chequers_serial_rivers_micro_c, uniq_grinder, uniq_natasha

Skill      XL: |  1  2 |
---------------+-------+-----
Summonings     | 5 |  5.9
Dodging        | |  2.1
Stealth        | |  3.0
Spellcasting   | |  2.0

Action                   |  1- 3 |  4- 6 || total
-------------------------+-------+-------++-------
Melee: Unarmed           |    42 |       ||    42
       Bite              |    11 |     5 ||    16
       Dagger            |    57 |    19 ||    76
       Spear             |     7 |       ||     7
 Cast: Summon Small Mamm |    37 |       ||    37
       Call Imp          |    12 |     1 ||    13
 Stab: Distracted        |     3 |       ||     3
       Sleeping          |     3 |       ||     3
Armor: Robe              |    25 |     2 ||    27
Dodge: Dodged            |    76 |    10 ||    86

Table legend: (Time is in decaauts)
 A = Elapsed time spent in this place.
 B = Non-inter-level travel time spent in this place.
 C = Inter-level travel time spent in this place.
 D = Time resting spent in this place.
 E = Time spent auto-exploring this place.
 F = Levels seen in this place.
 G = Mean time per level.
                   A        B        C        D        E       F      G
               +--------+--------+--------+--------+--------+-----+--------+
         Total |   2034 |   1991 |     43 |     95 |   1340 |   3 |  678.0 |
       Dungeon |   2034 |   1991 |     43 |     95 |   1340 |   3 |  678.0 |
               +--------+--------+--------+--------+--------+-----+--------+

Top non-repeatable levels by time:
     D:2: 914 daAuts
     D:1: 765 daAuts
     D:3: 353 daAuts
